 Dungeon Crawl Stone Soup version 0.31-a0-40-g1d5085d191 (webtiles) character file.

Game seed: 14586220524125350073

4778 lunkers the Carver (level 11, -6/91 HPs)
             Began as a Meteoran Wanderer on May 17, 2023.
             Was a Priest of Trog.
             Killed by divine providence
             ... invoked by an orc priest
              (13 damage)
             ... on level 8 of the Dungeon.
             The game lasted 00:13:36 (3829 turns).

lunkers the Carver (Meteoran Wanderer)              Turns: 3829, Time: 00:13:37

Health: -6/91      AC:  8    Str: 15    XL:     11   Next: 4%
Magic:  12/12      EV: 22    Int: 14    God:    Trog [***...]
Gold:   418        SH:  4    Dex: 17    Spells: 10/10 levels left

rFire   + . .        b - +1 long sword (holy)
rCold   + . .        q - +0 buckler
rNeg    . . .        c - +0 ring mail
rPois   .            (no helmet)
rElec   .            L - scarf {rC+ rF+}
rCorr   .            u - +0 pair of gloves
SInv    .            B - +0 pair of boots
Will    +....        r - amulet of the acrobat
Stlth   +            e - +5 ring of evasion
HPRegen 0.35/turn    y - +5 ring of evasion
MPRegen 0.13/turn

%: acrobat
@: on berserk cooldown, glowing
A: sense surroundings 2, otherworldly, glowing, explore regen
a: Renounce Religion, Berserk, Trog's Hand


You were on level 8 of the Dungeon.
You worshipped Trog.
Trog was most pleased with you.
You visited 1 branch of the dungeon, and saw 8 of its levels.

You collected 418 gold pieces.

Inventory:

Hand Weapons
 a - a +3 sling of draining
 b - a +1 long sword of holy wrath (weapon)
 l - a +1 dagger of freezing
 p - a +4 mace
 v - a +0 falchion
 A - a -1 demon whip of venom
 F - a +0 great sword
 K - a +2 scimitar of flaming
Armour
 c - a +0 ring mail (worn)
 q - a +0 buckler (worn)
 u - a +0 pair of gloves (worn)
 B - a +0 pair of boots (worn)
 L - a scarf of resistance (worn)
Jewellery
 e - a +5 ring of evasion (left hand)
 r - an amulet of the acrobat (around neck)
 y - a +5 ring of evasion (right hand)
 I - a +6 ring of strength
 J - a ring of magical power
Wands
 s - a wand of flame (44)
 w - a wand of mindburst (2)
 C - a wand of polymorph (4)
 H - a wand of roots (5)
Scrolls
 j - a scroll of enchant weapon
 m - 2 scrolls of teleportation
 z - a scroll of magic mapping
 D - a scroll of enchant armour {unknown}
 E - a scroll of poison {unknown}
Potions
 d - 5 potions of flight
 f - 2 potions of cancellation
 g - 3 potions of brilliance
 h - 4 potions of mutation
 i - a potion of curing
 k - 4 potions of attraction
 n - a potion of invisibility {unknown}
 o - a potion of resistance {unknown}
 t - a potion of degeneration {unknown}
 x - 3 potions of heal wounds
 G - 3 potions of lignification


   Skills:
 + Level 6.9 Fighting
 - Level 14.0 Long Blades
 - Level 6.7 Ranged Weapons
 + Level 5.7 Armour
 + Level 5.0 Dodging


You had 10 spell levels left.
You didn't know any spells.
Your spell library contained the following spells:

 Spells                   Type           Power      Damage    Failure   Level
 Hailstorm                Conj/Ice       0%         3d3       91%         3
 Ice Form                 Ice/Tmut       0%         N/A       100%        4
 Simulacrum               Ice/Necr       0%         N/A       100%        6
 Malign Gateway           Summ/Tloc      0%         N/A       100%        7
 Summon Horrible Things   Summ           0%         N/A       100%        8


Dungeon Overview and Level Annotations

Branches:
Dungeon (8/15) Zot: 819
 Temple: D:4-7         Lair: D:8-11

Altars:
Gozag
Hepliaklqana
Trog

Shops:
D:6 (


Innate Abilities, Weirdness & Mutations

You passively map the area around you.
You are easily found by Zot.
You glow in the dark.
You regain HP and MP as you explore.


Message History

You feel yourself speed up. The bullfrog barely misses you.
The orc priest mumbles some strange prayers to Beogh against you.
Beogh smites you!
* * * LOW HITPOINT WARNING * * *
The bullfrog hits you but does no damage.
The orc barely misses you.
You slash the bullfrog!
You kill the bullfrog!
Trog accepts your kill.
Your life force feels restored.
Unknown command.
The orc priest mumbles some strange prayers to Beogh against you.
Beogh smites you!
* * * LOW HITPOINT WARNING * * *
The orc completely misses you.
Unknown command.
You slash the orc!
You kill the orc!
Trog accepts your kill.
The orc priest calls down the wrath of Beogh upon you.
Pain shoots through your body!
* * * LOW HITPOINT WARNING * * *
The orc priest completely misses you.
Things that are here:
a +0 hand axe of flaming; an orc corpse You hit the orc priest.
The orc priest is moderately wounded.
You block the orc priest's attack.
You hit the orc priest but do no damage.
The orc priest is moderately wounded.
The orc priest calls down the wrath of Beogh upon you.
You resist with some effort.
You hit the orc priest.
The orc priest is heavily wounded.
You barely miss the orc priest.
The orc priest is heavily wounded.
The orc priest mumbles some strange prayers to Beogh against you.
Beogh smites you!
You die...

, , * * .........)# # ,
,*,#######*, ........).# ,
..?.... ,..........## ,,
....... ,,...........# , ,
....... ........)..### ,,
...##.) #####..#...... * *,
#..<#..## #...###..... ,
,#.......## #...##...... ,
, ,.......@.####...##......
, .......o###.))...####...
, ,
........###.)....#####..
....###..........##..... ,*
*,,..###.#..........#......
** . #.......###.#.....###.
* ,,, ###..#...#####..#.# .
, ##........## #..### .
,,#..(††.....#,##.# .


You could see an orc priest.

Vanquished Creatures
  Erica (D:8)
  Amaemon (D:8)
  Pikel (D:8)
  Joseph (D:7)
  An orange demon (D:8)
  Grinder (D:5)
  An ice beast (D:7)
  An orc warrior (D:7)
  3 sky beasts
  2 ogres (D:6)
  2 centaurs
  A phantom (D:5)
  2 bullfrogs
  Blork the orc (D:4)
  2 scorpions
  8 wights
  A jelly (D:5)
  4 orc priests
  3 hounds
  2 sleepcaps
  Jessica (D:3)
  4 orc wizards
  Robin (D:3)
  7 gnolls
  7 adders
  3 shadow imps (D:8)
  6 ufetubi
  A worm (D:3)
  5 dart slugs
  26 orcs
  3 ball pythons
  4 endoplasms
  3 giant cockroaches (D:2)
  15 goblins
  8 hobgoblins
  4 jackals (D:3)
  3 quokkas
  A bat (D:1)
  2 frilled lizards (D:1)
  11 kobolds
  3 rats
157 creatures vanquished.

Notes
Turn   | Place    | Note
-------+----------+-------------------------------------------
     0 | D:1      | lunkers the Meteoran Wanderer began the quest for the Orb.
     0 | D:1      | lunkers set off with the following items: a +2 sling, a +0
                  | falchion, a +0 ring mail.
     0 | D:1      | Reached XP level 1. HP: 16/16 MP: 2/2
   104 | D:1      | Reached XP level 2. HP: 23/23 MP: 3/3
   234 | D:1      | Reached XP level 3. HP: 28/28 MP: 4/4
   543 | D:2      | Found a faded altar of an unknown god.
   682 | D:2      | Prayed at the altar of an unknown god.
   682 | D:2      | Became a worshipper of Trog the Wrathful
   682 | D:2      | Reached * piety under Trog
   738 | D:2      | Reached XP level 4. HP: 35/35 MP: 5/5
  1040 | D:3      | Reached XP level 5. HP: 32/42 MP: 6/6
  1056 | D:3      | Reached ** piety under Trog
  1171 | D:3      | Noticed Robin
  1179 | D:3      | Killed Robin
  1180 | D:3      | Noticed Jessica
  1194 | D:3      | Killed Jessica
  1311 | D:3      | Reached XP level 6. HP: 37/53 MP: 7/7
  1387 | D:4      | Reached skill level 5 in Fighting
  1429 | D:4      | Reached skill level 1 in Dodging
  1491 | D:4      | Reached XP level 7. HP: 61/61 MP: 8/8
  1877 | D:4      | Reached skill level 3 in Long Blades
  1903 | D:4      | Noticed Blork the orc
  1914 | D:4      | Killed Blork the orc
  1915 | D:4      | Reached skill level 4 in Long Blades
  1959 | D:5      | Entered Level 5 of the Dungeon
  2014 | D:5      | Reached skill level 5 in Long Blades
  2161 | D:5      | Reached XP level 8. HP: 64/68 MP: 9/9
  2201 | D:5      | Reached skill level 6 in Long Blades
  2448 | D:5      | Noticed Grinder
  2457 | D:5      | Killed Grinder
  2458 | D:5      | Reached skill level 8 in Long Blades
  2592 | D:6      | Found Gusalix's Antique Weapon Shoppe.
  2600 | D:6      | Reached skill level 9 in Long Blades
  2600 | D:6      | Gained mutation: You passively map the area around you.
                  | [Meteoran growth]
  2600 | D:6      | Reached XP level 9. HP: 56/74 MP: 10/10
  2656 | D:6      | Reached skill level 10 in Long Blades
  2658 | D:6      | Reached *** piety under Trog
  2762 | D:6      | Reached skill level 11 in Long Blades
  2768 | D:6      | Found an opulent altar of Gozag.
  2776 | D:6      | Found a hazy altar of Hepliaklqana.
  3017 | D:7      | Noticed Joseph
  3034 | D:7      | Killed Joseph
  3035 | D:7      | Reached skill level 12 in Long Blades
  3441 | D:8      | Noticed Pikel
  3449 | D:8      | Killed Pikel
  3450 | D:8      | Reached skill level 13 in Long Blades
  3450 | D:8      | Reached XP level 10. HP: 81/81 MP: 11/11
  3522 | D:8      | Noticed Erica
  3552 | D:8      | Killed Erica
  3553 | D:8      | Reached skill level 14 in Long Blades
  3557 | D:8      | HP: 4/83 [poisoned by Erica (bolt of poison)]
  3566 | D:8      | HP: 4/124 [shadow imp (4)]
  3760 | D:8      | Noticed Amaemon
  3760 | D:8      | Noticed an orange demon
  3774 | D:8      | Killed Amaemon
  3775 | D:8      | Reached skill level 5 in Armour
  3777 | D:8      | Killed an orange demon
  3794 | D:8      | Reached XP level 11. HP: 68/91 MP: 12/12
  3799 | D:8      | Reached skill level 5 in Dodging
  3829 | D:8      | Killed from afar by an orc priest

Illustrated notes

Levels and vault maps discovered:
D:1:      minmay_arrival_up_and_down, layout_basic, minmay_heptomino_d4
D:2:      layout_loops_ring, chequers_ecumenical_altar_grove, serial_park_tiny_2
D:3:      cheibrodos_thug_alley, layout_rooms, uniq_jessica, uniq_robin
D:4:      layout_loops_ring, chequers_serial_rivers_marsh, grunt_decor_cap,
          kennysheep_generic_room_16, uniq_blork_the_orc
D:5:      layout_loops_ring, grunt_ministairs_14, uniq_grinder
D:6:      layout_basic, mainiacjoe_overflow_big_doors,
          minmay_temple_entry_oklob, serial_shops, shop
D:7:      layout_loops_ring, columned_hall_lemuel,
          ebering_dispersal_statue_hall, uniq_joseph
D:8:      layout_cave_pools, serial_demonic, serial_demonic_f, serial_demonic_a,
          serial_demonic_b, serial_demonic_d, serial_demonic_d, minivault_5,
          roderic_serpentine_path, hangedman_decor_push, uniq_pikel, uniq_erica,
          uniq_prince_ribbit1, uniq_amaemon

Skill      XL: |  1  2  3  4  5  6  7  8  9 10 11 |
---------------+----------------------------------+-----
Ranged Weapons | 6 |  6.7
Fighting       | 2 4 5 6 |  6.9
Armour         | 3 5 |  5.7
Dodging        | 1 4 5 |  5.0
Long Blades    | 5 9 13 14 | 14.0

Action                     |  1- 3 |  4- 6 |  7- 9 | 10-12 || total
---------------------------+-------+-------+-------+-------++-------
  Melee: Long sword        |       |       |   234 |   100 ||   334
   Fire: Sling             |    71 |   146 |     2 |       ||   219
 Invoke: Berserk           |       |       |     9 |     3 ||    12
         Trog's Hand       |       |       |     1 |       ||     1
    Use: Scroll            |       |     7 |     4 |     4 ||    15
         Potion            |       |       |     1 |     1 ||     2
 Armour: Ring mail         |     5 |    20 |    56 |    30 ||   111
         Skin              |       |       |     1 |     5 ||     6
  Dodge: Dodged            |     8 |    38 |   120 |   121 ||   287
  Block: Buckler           |       |     6 |    32 |    29 ||    67

Table legend: (Time is in decaauts)
 A = Elapsed time spent in this place.
 B = Non-inter-level travel time spent in this place.
 C = Inter-level travel time spent in this place.
 D = Time resting spent in this place.
 E = Time spent auto-exploring this place.
 F = Levels seen in this place.
 G = Mean time per level.
                   A        B        C        D        E       F      G
               +--------+--------+--------+--------+--------+-----+--------+
         Total |   3979 |   3784 |    195 |    128 |   2370 |   8 |  497.4 |
       Dungeon |   3979 |   3784 |    195 |    128 |   2370 |   8 |  497.4 |
               +--------+--------+--------+--------+--------+-----+--------+

Top non-repeatable levels by time:
     D:4: 641 daAuts
     D:5: 577 daAuts
     D:7: 554 daAuts
     D:3: 533 daAuts
     D:2: 470 daAuts
     D:8: 407 daAuts
     D:1: 406 daAuts
     D:6: 389 daAuts
